[Event "CCT Julius Baer-D1 2024"]
[Site "Online"]
[Date "2024.09.29"]
[Round "52"]
[White "Vachier-Lagrave, Maxime"]
[Black "Grischuk, Alexander"]
[Result "1/2-1/2"]
[Annotator "TA"]
[ECO "B44"]
[WhiteElo "2731"]
[BlackElo "2689"]
[PlyCount "76"]
[EventDate "2024.09.25"]
[EventType "swiss"]
[EventCountry "NET"]
[SourceTitle "playchess.com"]
[Source "ChessBase"]
[SourceQuality "1"]
[TimeControl "600+2"]

1. e4 c5 2. Nf3 e6 3. d4 cxd4 4. Nxd4 Nc6 5. Bf4 d6 6. Nb5 e5 7. Be3 Be6 8. c4 Nf6 9. f3 Be7 10. Bd3 {[%emt 0:00:09] White is slightly better.} O-O 11. O-O Rc8 12. Nd2 Nd7 13. Rc1 a6 14. Nc3 Bg5 15. Qe1 (15. Bxg5 {looks sharper.} Qxg5 16. Nb3 Nb4 17. Be2) 15... Nb4 16. Bb1 Bxc4 17. Nxc4 Rxc4 18. a3 Nc6 19. Ba2 Rd4 20. b4 {[%emt 0:00:40] Repels Nc5} h6 21. Qe2 Bxe3+ 22. Qxe3 Qg5 23. Qxg5 hxg5 24. Rc2 Nb6 25. Ra1 (25. Kf2 $11) 25... Rd3 $1 $15 {[%emt 0:00:19] [#] White must now prevent ...Nd4.} 26. Nd5 Nxd5 (26... Nd4 $17 27. Rf2 Nxd5 28. Bxd5 Rb8) 27. Bxd5 $11 Nd4 28. Rc7 b5 29. Kf1 {[%emt 0:00:19] Against Ne2} Ne6 30. Bxe6 fxe6 {[%emt 0:00:01][%mdl 4096] Endgame. KRR-KRR} 31. Ke2 Rb3 {[%emt 0:00:08][%cal Og5g4] Strongly threatening ...g4!} 32. Rd1 g4 33. fxg4 (33. Rxd6 $15 gxf3+ 34. gxf3) 33... Rf4 $17 34. Rxd6 Rxe4+ 35. Kf2 (35. Kd2 $17 {might work better.}) 35... Rf4+ $19 ({Stronger than} 35... Rxa3 36. h3 $11) (35... Rxg4 36. Rxa6 Rb2+ 37. Kf3 Rf4+ 38. Ke3 $11) 36. Ke2 Re4+ $2 {[%emt 0:00:00] [#]} ({Don't do} 36... Rxa3 37. h3 $15) ({Black should try} 36... Rxg4 $19 37. g3 Rxa3 38. Rxe6 Rxb4) 37. Kf2 $11 Rf4+ $2 (37... Rd4 $11 38. Rxd4 exd4) 38. Ke2 $19 Re4+ $2 {[%emt 0:00:15] Weighted Error Value: White=0.15 (very precise) /Black=0.12 (very precise) .  Missed win:     	---       	Black=2      Mistake:       	White=3     	Black=2      Inaccurate:     	White=3     	---        OK:         	White=10    	Black=13     Best:        	White=1     	Black=3      Strong:       	---       	Black=1} ({Much less strong is} 38... Rxa3 39. h3 $15) (38... Rxg4 $19 39. g3 Rxa3 40. Rxe6 Rxb4) 1/2-1/2

[Event "CCT Julius Baer-D1 2024"]
[Site "Online"]
[Date "2024.09.29"]
[Round "52"]
[White "Aronian, Levon"]
[Black "Fedoseev, Vladimir"]
[Result "1-0"]
[Annotator "TA"]
[ECO "B01"]
[WhiteElo "2729"]
[BlackElo "2692"]
[PlyCount "119"]
[EventDate "2024.09.25"]
[EventType "swiss"]
[EventCountry "NET"]
[SourceTitle "playchess.com"]
[Source "ChessBase"]
[SourceQuality "1"]
[TimeControl "600+2"]

1. e4 d5 2. exd5 Qxd5 3. Nc3 Qa5 4. Bc4 Nf6 5. d3 Nc6 6. Bd2 {[%emt 0:00:08][%cal Oc3d5] Zwart moet nu Nd5! voorkomen. B01: Scandinavische Verdediging.} Qe5+ {[%emt 0:00:48] Onnauwkeurig} 7. Nge2 {[%emt 0:00:03] OK} a6 {[%emt 0:00:27] Tegen Nb5. OK} 8. Bf4 {[%emt 0:00:15] OK. Wit staat iets beter.} Qa5 9. O-O $146 {[%emt 0:00:02] OK} ({Predecessor:} 9. a3 b5 10. b4 Qb6 11. Nd5 Nxd5 12. Bxd5 e6 13. Be3 Qb7 14. Bf3 Bd7 15. Qd2 {1-0 Lopez Ziegler,C (1900)-Osuna Osuna,F (1614) Madrid Codes Memorial 11th 2017 (5)}) {Zwart zou kunnen overwegen.} 9... Bg4 {[%emt 0:00:08] Fout (0.5)} (9... e6 $14) {Wit heeft de optie.} 10. Qe1 {[%emt 0:00:41] Fout (0.7)} (10. a3 $16) 10... e6 {[%emt 0:00:09] Onnauwkeurig} {Wit zou kunnen overwegen.} 11. a3 {[%emt 0:00:06] Fout (0.7)} (11. Bd2 $16) 11... Bd6 $11 {[%emt 0:00:14] OK} 12. b4 Qf5 {[%emt 0:00:29] ...Bxe2 zou dodelijk zijn. OK} 13. Bxd6 {[%emt 0:00:12] OK} Bxe2 {[%emt 0:00:01] OK} 14. Nxe2 cxd6 {[%emt 0:00:02] Beste (Gemakkelijk)} 15. f4 {[%emt 0:00:01] OK} d5 16. Bb3 {[%emt 0:00:02] OK} O-O {[%emt 0:00:18] OK} 17. Qh4 {Zwart heeft de voorkeur.} Rfc8 {[%emt 0:00:48] Fout (0.6)} (17... h6 $11) 18. h3 $14 {[%emt 0:00:09] OK} Nd7 {[%emt 0:00:42] OK} 19. g4 {[%emt 0:00:01] Beste (Gemakkelijk)} Qf6 {[%emt 0:00:09] OK} 20. Qxf6 {[%emt 0:00:02] OK} Nxf6 21. f5 {[%emt 0:00:01] OK} a5 {[%emt 0:00:14] Houdt evenwicht. Fout (1.2)} (21... Re8 $11) 22. fxe6 $16 {[%emt 0:00:30] OK} fxe6 {Wit heeft de voorkeur.} 23. Rae1 {[%emt 0:00:03] Fout (1.1)} (23. b5 $1 $16 Ne5 24. Nd4) 23... axb4 $11 {[%emt 0:00:56] Beste} 24. axb4 Re8 {[%emt 0:00:01] Behoudt evenwicht. Fout (0.5)} (24... h6 $11) {Wit kan overwegen.} 25. b5 {[%emt 0:00:26] Fout (0.8)} (25. Nf4 $16) 25... Na5 {[%emt 0:00:01] Beste (Gemakkelijk)} 26. Ba2 $36 {[%emt 0:00:00][%mdl 2048] Dreigt te winnen met g5. Wit heeft goed spel.} b6 $2 {[%emt 0:00:00] [#] en Zwart staat solide. Wit heeft geen kans. Verliest partij (2.2)} (26... Nc4 $11) 27. g5 $1 $18 {[%emt 0:00:24] Sterk} Nh5 {[%emt 0:00:07] [#] Kan gunstiger zijn. Fout (2.3)} (27... Nd7 28. Nf4 Nc4) 28. Nd4 $1 {[%emt 0:00:07] Sterk} Nb7 {[%emt 0:00:00] Zwart is zwak op de lichte velden. Fout (2.5)} (28... Nc4 $142 29. Rxe6 (29. Bxc4 dxc4 30. dxc4 e5 $16) (29. dxc4 Rxa2 30. cxd5 Raa8 $18) 29... Rxe6 30. Nxe6 Ne3) 29. Rxe6 {[%emt 0:00:07] Beste (Gemakkelijk)} Red8 {[%emt 0:00:16] OK} 30. Rxb6 Nc5 31. Rc6 Nxd3 32. cxd3 Rxa2 {[%emt 0:00:02] Beste} 33. b6 Rb2 {[%emt 0:00:06] Beste} 34. Rfc1 {[%emt 0:00:38] Onnauwkeurig} Nf4 {[%emt 0:00:09] OK} 35. Rc8 $2 {[%emt 0:00:46] Garandeert overwicht. Gemiste overwinning (2.0)} (35. R1c2 $18 Rb4 (35... Rxc2 $2 36. Nxc2 Rb8 37. Nb4 $18) 36. Kh2) 35... Rxc8 $4 {[%emt 0:00:39][%mdl 8192] Is uitdagender. Verliest partij (3.3)} (35... Nxh3+ $16 36. Kh1 (36. Kf1 Rf8+ 37. Rxf8+ Kxf8 $18) 36... Nf2+ 37. Kg1 Nh3+ 38. Kf1 Rf8+ 39. Rxf8+ Kxf8) 36. Rxc8+ $16 {[%emt 0:00:02][%mdl 4096] Eindspel. KRN-KRN} Kf7 37. Rc7+ {[%emt 0:00:01] Beste (Gemakkelijk)} Kg6 {[%emt 0:00:01] OK} 38. b7 {[%emt 0:00:01] Beste (Gemakkelijk)} Nxh3+ 39. Kf1 {[%emt 0:00:02] OK} Nxg5 40. Nc6 Ne6 {[%emt 0:00:09] OK} 41. Rd7 {[%emt 0:00:03] OK} (41. b8=B Nxc7 42. Bxc7 Kf5 $19) 41... Rb1+ 42. Kf2 Rb2+ $2 {[%emt 0:00:01] Is wellicht gunstiger. Fout (2.3)} (42... Nc5 43. Rd6+ (43. b8=N $2 {te hebberig.} Nxd7 44. Nxd7 Kf7 $19) (43. b8=R Rxb8 44. Rd6+ Kf7 $18) (43. b8=Q Nxd3+ 44. Ke3 Rxb8 $18) 43... Kf7) 43. Kg3 $18 {[%emt 0:00:04] OK. Wit is duidelijk aan het winnen.} Nc5 {[%emt 0:00:11] OK} 44. Rd6+ (44. b8=N Nxd7 (44... Nxd3 45. Rd6+ Kf7 46. Rxd5 $16) 45. Nxd7 h5 46. Ne7+ Kf7 47. Nxd5 Ke6 48. Nf4+ Kxd7 $19) 44... Kf5 45. b8=Q {[%emt 0:00:24] OK} Rxb8 {[%emt 0:00:00] OK} 46. Nxb8 Ke5 {[%emt 0:00:01] OK} 47. Rd8 {[%emt 0:00:06] Nd7+ is de sterke dreiging. OK} Nxd3 48. Nc6+ {[%emt 0:00:01] OK} Ke6 49. Nd4+ {[%emt 0:00:05] OK} Ke5 50. Nf3+ {[%emt 0:00:01] OK} Ke6 {[%emt 0:00:01] Fout (2.5)} (50... Kf6 $142 51. Rxd5 Nc1) 51. Ng5+ {[%emt 0:00:03] Beste} Ke5 {[%emt 0:00:01] OK} 52. Nxh7 Nc5 53. Ng5 g6 54. Nf3+ Ke4 55. Re8+ Kd3 56. Kf4 d4 57. Ne5+ Kd2 58. Kf3 d3 59. Rd8 Kc3 60. Ke3 {[%emt 0:00:01] Blunder waarde: Wit=0.35/Zwart=0.63.  Verliest partij:   	---       	Zwart=2      Gemiste overwinning: 	Wit=1      	---        Fout:        	Wit=4      	Zwart=8      Onnauwkeurig:    	Wit=1      	Zwart=2      OK:         	Wit=18     	Zwart=15     Beste:        	Wit=5      	Zwart=5      Sterk:        	Wit=2      	---} 1-0

[Event "CCT Julius Baer-D1 2024"]
[Site "Online"]
[Date "2024.09.29"]
[Round "52"]
[White "Fedoseev, Vladimir"]
[Black "Aronian, Levon"]
[Result "0-1"]
[Annotator "TA"]
[ECO "D02"]
[WhiteElo "2692"]
[BlackElo "2729"]
[PlyCount "74"]
[EventDate "2024.09.25"]
[EventType "swiss"]
[EventCountry "NET"]
[SourceTitle "playchess.com"]
[Source "ChessBase"]
[SourceQuality "1"]
[TimeControl "600+2"]

1. d4 Nf6 2. Bf4 d5 3. e3 e6 4. Nf3 Bd6 5. Bg3 O-O 6. c4 dxc4 7. Nc3 c5 8. dxc5 {[%emt 0:00:09] The position is equal.} Bxc5 9. Bxc4 Qxd1+ 10. Rxd1 a6 11. a4 Bd7 12. Ke2 Rc8 13. Ne5 Be8 14. Bb3 b5 15. axb5 axb5 16. Ra1 Na6 17. Rhd1 Be7 18. Nd3 Nb4 19. Nf4 (19. Rxa8 {simplifies} Rxa8 20. Nxb4 Bxb4 21. f3) 19... g5 (19... Rxa1 {simplifies} 20. Rxa1 Kf8 21. Nh3 Nh5) 20. Nxe6 fxe6 21. Bxe6+ Bf7 22. Bxc8 Bc4+ 23. Kf3 Rxc8 24. Bd6 $1 Nc6 25. Bxe7 Nxe7 {[%emt 0:00:01] Excellent horsemanship.} 26. h3 b4 {[%emt 0:00:25][%mdl 1024] Black has compensation.} 27. Na4 (27. Na2 $11) 27... Bd5+ 28. Kg3 Rc2 {[%emt 0:00:13] [#] Strongly threatening ...Bc6.} 29. Nb6 Bc6 30. Ra7 $1 Nf5+ 31. Kh2 {[%emt 0:00:01] Rd8+ would now be deadly.} Rxf2 32. Rd8+ Ne8 $1 33. e4 Nh4 34. Nd5 {[%emt 0:00:47] Ne7+ is the strong threat.} Rxg2+ 35. Kh1 {[%emt 0:00:01] Hoping for Ne7+.} Kf8 {[%emt 0:00:02] And now ...Rd2 would win.} 36. Rxh7 $2 (36. Nf6 $11 {and White is okay.}) 36... Rxb2 {[%emt 0:00:12] ( -> ...Nf3)} 37. Kg1 $2 {[%emt 0:00:07] [#]} (37. Nf6 $19 Nf3 38. Ng4) 37... Nf3+ {[%emt 0:00:07] Weighted Error Value: White=0.48/Black=0.11 (very precise) .  Loses game:     	White=1     	---        Mistake:       	White=2     	---        Inaccurate:     	White=2     	Black=1      OK:         	White=12    	Black=11     Best:        	White=2     	Black=2      Strong:       	White=2     	Black=1} 0-1

[Event "CCT Julius Baer-D1 2024"]
[Site "Online"]
[Date "2024.09.29"]
[Round "52"]
[White "Grischuk, Alexander"]
[Black "Vachier-Lagrave, Maxime"]
[Result "0-1"]
[Annotator "TA"]
[ECO "D06"]
[WhiteElo "2689"]
[BlackElo "2731"]
[PlyCount "140"]
[EventDate "2024.09.25"]
[EventType "swiss"]
[EventCountry "NET"]
[SourceTitle "playchess.com"]
[Source "ChessBase"]
[SourceQuality "1"]
[TimeControl "600+2"]

1. Nf3 d5 2. d4 Nf6 3. c4 c5 4. cxd5 cxd4 5. Qxd4 Qxd5 6. Nc3 Qxd4 7. Nxd4 a6 8. g3 e5 9. Nb3 {[%emt 0:00:03] 9.Nb3 scores better than 9.Nc2.} Nc6 {[%emt 0:00:02] D06: Queen's Gambit: Symmetrical and Baltic Defences.} 10. Bg2 a5 11. Bd2 a4 12. Nb5 Kd8 13. Nc1 Bb4 14. Nc3 a3 $146 ({Predecessor:} 14... Nd4 15. Rb1 Bf5 16. Nd3 Bd6 17. Bg5 Kc8 18. Kd2 Nd7 19. Be4 Be6 20. Rhd1 Kb8 {½-½ Agaltsov,I-Tramacere,S (2091) W-Cup22 WS36 email 2017}) 15. Rb1 Bf5 16. Nd3 Bxc3 17. Bxc3 Ne4 18. Bxe5 Nxe5 19. Nxe5 Nd6 20. Nd3 Re8 21. Kd1 Ne4 22. Bxe4 Bxe4 23. Re1 axb2 24. Rxb2 Re6 25. Nb4 Rd6+ 26. Rd2 Ke7 27. f3 Ra4 28. a3 Bg6 29. e4 Rxa3 30. Nd5+ Kd8 31. Ke2 Kc8 32. Rb1 Kb8 33. g4 f6 34. Rdb2 Ra7 35. Rb5 Bf7 36. Ke3 Ra3+ 37. Kf4 g5+ 38. Kg3 Bxd5 39. exd5 Ra7 40. Re1 b6 41. h4 Ra5 42. Rb4 Raxd5 43. Re7 h6 44. Rf7 b5 45. h5 Kc8 46. Re4 Re5 47. Rb4 (47. Rxf6 $5 Rxf6 48. Rxe5 $11) 47... Kd8 48. Rb3 Re7 49. Rf8+ Re8 50. Rxe8+ Kxe8 51. Rxb5 Rd7 52. Rb8+ Kf7 53. Kf2 Kg7 54. Ke3 Re7+ 55. Kd4 Rd7+ 56. Ke4 Re7+ 57. Kd5 Kf7 58. Rd8 Re5+ 59. Kd6 Re6+ 60. Kc7 Re7+ 61. Kc6 Re6+ 62. Kd5 Re5+ 63. Kd4 Re7 64. Rc8 Rd7+ 65. Kc5 Rd3 66. Rc7+ $2 (66. Kc4 $11 Rxf3 67. Kd5) 66... Ke6 $19 67. Rh7 Rxf3 68. Rxh6 (68. Kc4 $142 Ke5 69. Rh8) 68... Rf4 $19 69. Rh8 Rxg4 70. h6 Rh4 0-1